 Dungeon Crawl Stone Soup version 0.21-a0-508-gf08a75f26b (webtiles) character file.

15043 Chiseanne the Unseen (level 11, -5/49 HPs)
             Began as a Spriggan Assassin on Nov 28, 2017.
             Was an Initiate of Gozag.
             Slain by a yak (12 damage)
             ... on level 2 of the Lair of Beasts.
             The game lasted 00:49:22 (14452 turns).

Chiseanne the Unseen (Spriggan Assassin)           Turns: 14452, Time: 00:49:22

Health: -5/49      AC:  9    Str:  7    XL:     11   Next: 96%
Magic:  28/28      EV: 36    Int: 13    God:    Gozag
Gold:   399        SH:  0    Dex: 21    Spells: 9/10 levels left

rFire    . . .     SeeInvis +   a - +4 dagger (chaos)
rCold    . . .     Gourm    .   (shield restricted)
rNeg     + . .     Faith    .   f - +2 robe {rN+}
rPois    +         Spirit   .   T - +2 hat {SInv}
rElec    .         Reflect  .   o - +2 cloak {rPois}
rCorr    .         Harm     .   (gloves unavailable)
MR       +....                  (boots unavailable)
Stlth    ++++++++..             D - amulet of regeneration
HPRegen  0.56/turn              z - ring of magical power
MPRegen  0.21/turn              p - +4 ring of evasion

@: gold aura, very quick
A: very small, unfitting armour, see invisible, herbivore 3, speed 3, slow
metabolism 2
a: Potion Petition, Call Merchant, Bribe Branch, Renounce Religion


You were on level 2 of the Lair of Beasts.
You worshipped Gozag.
Gozag was aware of your devotion.
You were full.

You visited 3 branches of the dungeon, and saw 12 of its levels.

You collected 3789 gold pieces.
You spent 1143 gold pieces at shops.
You paid 2247 gold pieces to Gozag.

Inventory:

Hand Weapons
 a - a +4 dagger of chaos (weapon)
 c - the +9 trident of the End of Times {pierce, rF+, unknown}
   (You found it on level 2 of the Lair of Beasts)

   It inflicts extra damage upon your enemies.
   It protects you from fire.
 q - the +5 shortbow "Eleseh" {flame, rF+}
   (You found it on level 1 of the Lair of Beasts)

   It causes projectiles fired from it to burn those they strike, causing extra
   injury to most foes and up to half again as much damage against particularly
   susceptible opponents.
   It protects you from fire.
 s - a +5 quarterstaff of chaos
 w - a +0 blowgun
Missiles
 e - 37 poisoned needles
 h - 389 stones
 x - 235 arrows
 E - 15 tomahawks (quivered)
 J - 63 bolts
 Q - 8 curare-tipped needles
 R - 69 sling bullets
Armour
 f - a +2 robe of positive energy (worn)
 o - a +2 cloak of poison resistance (worn)
 T - a +2 hat of see invisible (worn)
Jewellery
 i - an uncursed ring of ice
 p - a +4 ring of evasion (right hand)
 z - a ring of magical power (left hand)
 D - an amulet of regeneration (around neck)
 G - an uncursed ring of flight
Wands
 b - a wand of digging (14)
 A - a wand of flame (24)
Scrolls
 d - 2 scrolls of amnesia
 m - a scroll of magic mapping
 y - 7 scrolls of remove curse
 H - a scroll of fog
 L - 6 scrolls of enchant armour
 M - 4 scrolls of blinking
 P - 2 scrolls of teleportation
 S - a scroll of identify
Potions
 j - 2 potions of resistance
 t - a potion of agility
 u - 6 potions of flight
 v - a potion of might
 B - 2 potions of brilliance
 C - 2 potions of mutation
 F - a potion of lignification
 I - 3 potions of haste
 O - a potion of curing
Books
 n - a book of Ice

   Spells                             Type                      Level
   a - Ice Form                       Ice/Transmutation            4
   b - Metabolic Englaciation         Hexes/Ice                    5
   c - Ozocubu's Refrigeration        Ice                          6
   d - Bolt of Cold                   Conjuration/Ice              6
   e - Freezing Cloud                 Conjuration/Ice/Air          6
   f - Simulacrum                     Ice/Necromancy               6
 N - a book of Transfigurations

   Spells                             Type                      Level
   a - Irradiate                      Conjuration/Transmutation    5
   b - Statue Form                    Transmutation/Earth          6
   c - Hydra Form                     Transmutation                6
   d - Dragon Form                    Transmutation                7
Comestibles
 g - 11 bread rations
 r - 14 fruits


   Skills:
 - Level 1.5 Fighting
 - Level 3.4 Short Blades
 - Level 2.0 Throwing
 + Level 13.9 Dodging
 * Level 20.6 Stealth
 - Level 10.2 Evocations


You had 9 spell levels left.
You knew the following spells:

 Your Spells              Type           Power        Failure   Level  Hunger
a - Apportation           Tloc           #.....       30%         1    ##.....


Dungeon Overview and Level Annotations

Branches:
Dungeon (9/15)             Temple (1/1) D:7            Lair (2/6) D:8
 Shoals (0/4) Lair:2       Spider (0/4) Lair:2
    Orc: D:9-12

Altars:
Ashenzari
Fedhas
Gozag
Hepliaklqana
Kikubaaqudgha
Makhleb
Nemelex Xobeh
Okawaru
Sif Muna
Vehumet
Wu Jian
Xom
Zin
The Shining One

Shops:
D:4 *([(*   D:8 %[((   D:9 [


Innate Abilities, Weirdness & Mutations

You are very small and have problems with some larger weapons.
You are too small for most types of armour.
You have supernaturally acute eyesight. (SInv)
You are a herbivore.
You cover ground extremely quickly.
You need consume almost no food.


Message History

The yak completely misses you.
The yak bellows!
You hit the yak. You freeze the yak.
The yak is heavily wounded.
The yak barely misses you. The yak completely misses you. x2
You barely miss the yak.
The yak is heavily wounded.
The yak closely misses you. The yak completely misses you.
The yak closely misses you. The yak completely misses you.
You hit the yak.
The yak seems to slow down.
The yak is heavily wounded.
The yak is no longer moving slowly.
The yak completely misses you. x3
You hit the yak but do no damage.
The yak is heavily wounded.
The yak is no longer distracted by gold.
The yak gores you.
* * * LOW HITPOINT WARNING * * *
The yak completely misses you. x2; The yak gores you!
You die...
Your body crumbles into a pile of gold.

##....... #≈≈≈≈
#........ ..≈≈
##....... ...#
####..P.
##...########....#
##....#.#.#..#'#.##
#.Y...##..........#
#YYY.≈##...........
#@YY≈≈##.........#
##Y#≈≈≈≈##......<.#
#..# ≈≈≈≈##........
##..# ≈>≈≈#.......'
#...## ≈≈≈#........
###.#.# ≈≈#)......#
#....## #######.#.
###.#.# ##.###.8.##
#..### #..##......


You could see 7 yaks.

Vanquished Creatures
  Gastronok (Lair:1)
  A hydra (Lair:2)
  Urug (Lair:2)
  Sonja (Lair:2)
  Pikel (D:8)
  An orb spider (D:9)
  2 orc sorcerers
  Psyche (D:8)
  A merfolk siren (Lair:2)
  Joseph (D:8)
  2 spiny frogs (Lair:2)
  A rime drake (Lair:1)
  5 komodo dragons
  A troll (D:9)
  A jumping spider (Lair:2)
  A hornet (shapeshifter) (D:9)
  A raiju (D:9)
  Sigmund (D:3)
  3 redbacks (Lair:2)
  A wyvern (D:8)
  A spriggan (D:7)
  2 yaks (Lair:2)
  A hungry ghost (D:9)
  A basilisk (Lair:2)
  Menkaure (D:7)
  A warg (shapeshifter) (Lair:1)
  A soldier ant (D:5)
  A porcupine (Lair:1)
  4 ogres
  2 orc warriors (D:9)
  A slave (D:8)
  2 ice beasts (D:8)
  3 phantoms
  2 black bears
  5 wolves (Lair:2)
  A centaur (Lair:2)
  3 crocodiles (Lair:2)
  A wyvern zombie (D:7)
  5 bullfrogs
  2 scorpions
  7 wights
  4 howler monkeys
  An electric eel (Lair:1)
  5 crimson imps
  2 centaur zombies
  A bullfrog zombie (D:6)
  2 jellies (D:7)
  4 hounds
  A quasit (D:7)
  2 bullfrog skeletons
  2 orc priests
  Crazy Yiuf (D:2)
  An iguana (D:9)
  5 orc wizards
  2 centaur skeletons (D:9)
  A gnoll shaman (D:6)
  Jessica (D:2)
  Terence (D:3)
  A worker ant (shapeshifter) (D:9)
  5 worker ants
  A hound skeleton (D:9)
  A howler monkey zombie (D:9)
  A worker ant zombie (D:5)
  3 gnolls (D:6)
  4 adders
  2 shadow imps
  An adder skeleton (D:7)
  3 adder zombies
  4 worms
  2 leopard geckos
  33 orcs
  6 bats
  6 giant cockroaches
  11 goblins
  10 hobgoblins
  11 jackals
  8 quokkas
  A ball python (D:1)
  14 frilled lizards
  A jackal skeleton (D:3)
  7 kobolds
  A leopard gecko zombie (D:7)
  8 rats
  2 butterflies (Lair:2)
  5 fungi
263 creatures vanquished.

Vanquished Creatures (others)
  A komodo dragon (Lair:2)
  A slave (D:8)
  A centaur (D:8)
  A howler monkey (D:8)
  A hound (D:8)
  An iguana (D:8)
  A worker ant (D:8)
  7 fungi (Lair:2)
  5 plants (Lair:2)
19 creatures vanquished.

Grand Total: 282 creatures vanquished

Notes
Turn   | Place    | Note
-------+----------+-------------------------------------------
     0 | D:1      | Chiseanne the Spriggan Assassin began the quest for the Orb.
     0 | D:1      | Reached XP level 1. HP: 10/10 MP: 2/2
   211 | D:1      | Reached skill level 6 in Stealth
   309 | D:1      | Reached XP level 2. HP: 10/14 MP: 3/3
   895 | D:1      | You fall through a shaft!
   902 | D:2      | Reached XP level 3. HP: 18/18 MP: 4/4
  1206 | D:2      | Reached skill level 7 in Stealth
  1342 | D:2      | Found a blossoming altar of Fedhas.
  1459 | D:2      | Noticed Jessica
  1466 | D:2      | Killed Jessica
  1466 | D:2      | Reached XP level 4. HP: 22/22 MP: 5/5
  1990 | D:2      | Found a runed door.
  2005 | D:2      | Noticed Crazy Yiuf
  2075 | D:2      | Killed Crazy Yiuf
  2187 | D:3      | Reached skill level 8 in Stealth
  2187 | D:3      | Reached XP level 5. HP: 25/25 MP: 6/6
  2556 | D:3      | Noticed Terence
  2613 | D:3      | Killed Terence
  2667 | D:3      | Reached skill level 1 in Evocations
  3002 | D:3      | Noticed Sigmund
  3054 | D:3      | Killed Sigmund
  3054 | D:3      | Reached skill level 9 in Stealth
  3054 | D:3      | Reached XP level 6. HP: 30/30 MP: 6/8
  3176 | D:3      | Found a radiant altar of Vehumet.
  3177 | D:3      | Found a burning altar of Makhleb.
  3520 | D:4      | Found Telet's Antique Weapon Shop.
  3805 | D:4      | Found Jiess's Assorted Antiques.
  3814 | D:4      | Bought a scroll of identify for 52 gold pieces
  3843 | D:4      | Found Yseur's Antique Weapon Emporium.
  3884 | D:4      | Found Lioch's Antique Armour Shop.
  4276 | D:4      | Reached skill level 5 in Dodging
  4384 | D:4      | Found Taruepea's Assorted Antiques.
  4862 | D:4      | Reached skill level 10 in Stealth
  4862 | D:4      | Reached XP level 7. HP: 21/33 MP: 10/10
  5223 | D:5      | Entered Level 5 of the Dungeon
  5568 | D:5      | Reached skill level 11 in Stealth
  5861 | D:5      | Reached XP level 8. HP: 32/37 MP: 12/12
  6181 | D:6      | Found a shimmering altar of Xom.
  6205 | D:6      | Reached skill level 5 in Evocations
  6252 | D:6      | Reached skill level 12 in Stealth
  6861 | D:6      | Found a deep blue altar of Sif Muna.
  6861 | D:6      | Found an ornate altar of the Wu Jian Council.
  7055 | D:6      | Reached skill level 13 in Stealth
  7586 | D:7      | Reached XP level 9. HP: 36/41 MP: 15/15
  7618 | D:7      | Found a staircase to the Ecumenical Temple.
  7768 | Temple   | Entered the Ecumenical Temple
  7778 | Temple   | Became a worshipper of Gozag Ym Sagoz the Greedy
  7911 | D:7      | Noticed Menkaure
  8220 | D:7      | Killed Menkaure
  8579 | D:7      | Reached skill level 14 in Stealth
  9158 | D:4      | Bought a brightly glowing robe for 131 gold pieces
  9158 | D:4      | Bought a gilded ring for 115 gold pieces
  9158 | D:4      | Bought a scroll labeled KICZOPT GIFEXT for 23 gold pieces
  9158 | D:4      | Bought an orange potion for 20 gold pieces
  9158 | D:4      | Bought a scroll of teleportation for 69 gold pieces
  9159 | D:4      | Identified the +1 robe of Starshine {-Tele rC+ Str+6} (You bought it in a shop on level 4 of the Dungeon)
  9306 | D:8      | Found a staircase to the Lair.
  9322 | D:8      | Noticed Joseph
  9335 | D:8      | Noticed Pikel
  9348 | D:8      | Killed Joseph
  9348 | D:8      | Reached skill level 15 in Stealth
  9376 | D:8      | Killed Pikel
  9376 | D:8      | Reached skill level 10 in Dodging
  9925 | D:8      | Noticed Psyche
  9929 | D:8      | Killed Psyche
  9929 | D:8      | Reached XP level 10. HP: 46/46 MP: 17/17
 10124 | D:8      | Found Ituadu's Food Boutique.
 10136 | D:8      | Learned a level 1 spell: Apportation
 10154 | D:9      | Noticed an orc sorcerer
 10157 | D:9      | Noticed an orc sorcerer
 10158 | D:9      | Noticed an orc sorcerer
 10210 | D:9      | Found Jezxowk's Antique Armour Emporium.
 10567 | D:8      | Killed an orc sorcerer
 10567 | D:8      | Reached skill level 16 in Stealth
 10744 | D:9      | Found a glowing golden altar of the Shining One.
 10744 | D:9      | Found an ancient bone altar of Kikubaaqudgha.
 10761 | D:9      | Killed an orc sorcerer
 10850 | D:9      | an orc sorcerer changed into a raiju
 11204 | D:9      | Noticed an orb spider
 11204 | D:9      | a troll changed into an orb spider
 11232 | D:9      | Killed an orb spider
 11232 | D:9      | Reached skill level 17 in Stealth
 11339 | D:9      | Reached skill level 10 in Evocations
 12386 | D:4      | Bought a scroll of blinking for 172 gold pieces
 12545 | Lair:1   | Entered Level 1 of the Lair of Beasts
 12553 | Lair:1   | Noticed Gastronok
 12601 | Lair:1   | Killed Gastronok
 12601 | Lair:1   | Reached skill level 18 in Stealth
 12601 | Lair:1   | Reached XP level 11. HP: 21/49 MP: 19/19
 12727 | Lair:1   | Got a crude shortbow
 12853 | Lair:1   | Identified a scroll of acquirement
 12877 | D:8      | Bought a shimmering buckler for 323 gold pieces
 12877 | D:8      | Bought a runed hat for 238 gold pieces
 12883 | D:8      | Identified the cursed -5 buckler "Deri" {rN++ Int-4 Dex+4 Stlth+} (You bought it in a shop on level 8 of the Dungeon)
 12901 | D:8      | Identified the +5 shortbow "Eleseh" {flame, rF+} (You found it on level 1 of the Lair of Beasts)
 13280 | Lair:2   | Found a hole to the Spider Nest.
 13411 | Lair:2   | Reached skill level 19 in Stealth
 13474 | Lair:2   | Noticed Sonja
 13615 | Lair:2   | Killed Sonja
 13826 | Lair:2   | Got a pitted trident
 13972 | Lair:2   | Reached skill level 20 in Stealth
 14051 | Lair:2   | Noticed a four-headed hydra
 14106 | Lair:2   | Killed a four-headed hydra
 14182 | Lair:2   | Noticed Urug
 14193 | Lair:2   | Killed Urug
 14244 | Lair:2   | Noticed a five-headed hydra
 14297 | Lair:2   | HP: 2/49 [five-headed hydra (3)]
 14425 | Lair:2   | Found a staircase to the Shoals.
 14452 | Lair:2   | Slain by a yak

Vault maps used:
D:1:      mrwooster_arrival_arrow
D:2:      fedhas_altar_4, kennysheep_generic_room_12, uniq_crazy_yiuf_cottage,
          uniq_jessica
D:3:      grunt_temple_overflow_lords_of_destruction, first_bread, uniq_terence,
          uniq_sigmund
D:4:      serial_shops, shop_coins, shop, nicolae_shop_trees, shop_fountains,
          shop
D:6:      gammafunk_temple_overflow_elements, nicolae_overflow_crystal_walls
D:7:      minmay_temple_entry_large_hall, the_bakery, kennysheep_generic_room_8,
          uniq_menkaure
D:8:      dpeg_oklobed_lair, serial_shops, shop, minmay_liquid_box, uniq_pikel,
          uniq_joseph, uniq_psyche
D:9:      cheibrodos_wizards_tower, gammafunk_temple_overflow_wave,
          serial_shops, nicolae_shop_overgrown_old_shop
Temple:   nicolae_temple_great_sept
Lair:1:   serial_bayou_pond_e, lemuel_fruit_tree, infiniplex_staircase_pool,
          grunt_megastairs_4, uniq_gastronok
Lair:2:   minmay_shoals_entry_lonely_mermaid, spider_nest_entry_funnel_web,
          special_room, beast_lair_carwin_8, grunt_megastairs_1,
          lemuel_fruit_fields, uniq_urug, uniq_sonja

Skill      XL: |  1  2  3  4  5  6  7  8  9 10 11 |
---------------+----------------------------------+-----
Stealth        | 6 7 8 9 10 11 13 15 18 20 | 20.6
Dodging        | 2 3 4 5 6 8 10 12 13 | 13.9
Short Blades   | 3 |  3.4
Evocations     | 2 3 4 6 8 10 | 10.2
Fighting       | |  1.5
Throwing       | |  2.0

Action                   |  1- 3 |  4- 6 |  7- 9 | 10-12 || total
-------------------------+-------+-------+-------+-------++-------
Melee: Dagger            |   112 |   259 |   248 |   423 ||  1042
       Quarterstaff      |       |       |    88 |    44 ||   132
 Fire: Blowgun           |       |    43 |     8 |    31 ||    82
Invok: Call Merchant     |       |       |       |     3 ||     3
Evoke: Wand              |       |    18 |    25 |    62 ||   105
  Use: Scroll            |       |    16 |    10 |    10 ||    36
       Potion            |       |       |     1 |     9 ||    10
 Stab: Sleeping          |    13 |    12 |    23 |     8 ||    56
       Distracted        |       |       |     3 |     4 ||     7
       Petrifying        |       |       |       |     4 ||     4
       Confused          |       |       |       |     2 ||     2
       Paralysed         |       |       |       |     3 ||     3
       Petrified         |       |       |       |     1 ||     1
       Invisible         |       |       |       |     2 ||     2
  Eat: Royal jelly       |       |     2 |     2 |     2 ||     6
       Fruit             |       |       |       |     4 ||     4
Armor: Robe              |    16 |    14 |    23 |    22 ||    75
Dodge: Dodged            |    80 |   195 |   283 |   495 ||  1053

Table legend:
 A = Spawn XP
 B = Non-spawn XP
 C = Spawn XP percentage of total XP
 D = Spawn monster count
 E = Non-spawn monster count
 F = Spawn count percentage of total count
 G = Total turns spent on level
                    A         B        C        D         E        F      G
               +---------+---------+-------+---------+---------+-------+---------
         Total |       0 |   21490 |   0.0 |       0 |     256 |   0.0 | 14452
               +---------+---------+-------+---------+---------+-------+---------
           D:1 |       0 |      40 |   0.0 |       0 |      27 |   0.0 |   895
           D:2 |       0 |     121 |   0.0 |       0 |      20 |   0.0 |  1282
           D:3 |       0 |     381 |   0.0 |       0 |      29 |   0.0 |  1723
           D:4 |       0 |     207 |   0.0 |       0 |      18 |   0.0 |  1395
           D:5 |       0 |     702 |   0.0 |       0 |      21 |   0.0 |  1047
           D:6 |       0 |     917 |   0.0 |       0 |      26 |   0.0 |  1192
           D:7 |       0 |    1271 |   0.0 |       0 |      27 |   0.0 |  1393
           D:8 |       0 |    2735 |   0.0 |       0 |      14 |   0.0 |  1643
           D:9 |       0 |    3619 |   0.0 |       0 |      40 |   0.0 |  1849
        Lair:1 |       0 |    3315 |   0.0 |       0 |       6 |   0.0 |   691
        Lair:2 |       0 |    8182 |   0.0 |       0 |      28 |   0.0 |  1180
               +---------+---------+-------+---------+---------+-------+---------
